 Dungeon Crawl Stone Soup version 0.28-a0-998-gb9e9c7b67e (webtiles) character file.

Game seed: 12608625222170075303

65 vineage the Skirmisher (level 4, -2/46 HPs)
             Began as a Gargoyle Fighter on Dec 5, 2021.
             Slain by a gnoll (7 damage)
             ... on level 2 of the Dungeon.
             The game lasted 00:01:35 (1214 turns).

vineage the Skirmisher (Gargoyle Fighter)           Turns: 1214, Time: 00:01:36

Health: -2/46      AC: 22    Str: 19    XL:     4   Next: 13%
Magic:  4/4        EV:  2    Int:  9    God:
Gold:   113        SH:  4    Dex: 11    Spells: 3/3 levels left

rFire   . . .      SeeInvis .   a - +0 flail
rCold   . . .      Faith    .   c - +0 buckler
rNeg    + . .      Spirit   .   (armour currently unavailable)
rPois   ∞          Reflect  .   (helmet currently unavailable)
rElec   .          Harm     .   (cloak currently unavailable)
rCorr   .          Rampage  .   (gloves currently unavailable)
Will    .....      NoTele   +   (boots currently unavailable)
Stlth   +.........              (no amulet)
HPRegen 0.15/turn               (no ring)
MPRegen 0.09/turn               (no ring)

@: mighty, tree-form, hasted, invisible, very quick
A: stationary, stasis, torment immunity, boosted hp, sickness immunity, AC +3,
negative energy resistance 1, (electricity resistance), torment resistance 1,
petrification resistance
a: no special abilities


You were on level 2 of the Dungeon.
You were a tree.
You visited 1 branch of the dungeon, and saw 2 of its levels.

You collected 113 gold pieces.

Inventory:

Hand Weapons
 a - a +0 flail (weapon)
Armour
 b - a +0 scale mail (melded)
 c - a +0 buckler (worn)
 h - a +0 pair of boots (melded)
Potions
 e - a potion of invisibility


   Skills:
 + Level 5.3 Fighting
 - Level 2.0 Maces & Flails
 - Level 3.2 Armour
 - Level 3.2 Shields


You had 3 spell levels left.
You didn't know any spells.
Your spell library contained the following spells:

 Spells                   Type           Power      Damage    Failure   Level
 Ignite Poison            Fire/Tmut/Pois 0%         N/A       78%         3
 Mephitic Cloud           Conj/Pois/Air  0%         N/A       78%         3
 Freezing Cloud           Conj/Ice/Air   0%         6-21      100%        5


Dungeon Overview and Level Annotations

Branches:
Dungeon (2/15)

Altars:

Shops:
D:1 [


Innate Abilities, Weirdness & Mutations

You are a tree.
Your roots penetrate the ground, keeping you stationary.
You cannot be teleported.
You are immune to unholy pain and torment.
Your maximum health is greatly increased.
Your equipment is partially melded.
You are immune to sickness and miasma.
((Your stone body is resilient. (AC +3)))
You are immune to poison.
You resist negative energy. (rN+)
((You are resistant to electric shocks. (rElec)))
You are resistant to unholy torment.
You are immune to petrification.


Message History

The gnoll hits you with a +0 flail.
* * * LOW HITPOINT WARNING * * *
You barely miss the gnoll.
The gnoll is moderately wounded.
The gnoll closely misses you. The gnoll hits you with a +0 flail.
* * * LOW HITPOINT WARNING * * *
The gnoll barely misses you.
It was a potion of invisibility.
You fade into invisibility!
The gnoll closely misses you. The gnoll barely misses you.
It was a potion of haste.
You feel yourself speed up. The gnoll barely misses you.
It was a potion of lignification.
You turn into a tree.
Your +0 pair of boots melds into your body.
Your +0 scale mail melds into your body.
Your roots penetrate the ground.
You block the gnoll's attack.
You sock the gnoll!
You kill the gnoll!
The kobold throws a stone.
The stone hits the gnoll.
You barely miss the gnoll.
The gnoll is lightly wounded.
The gnoll barely misses you.
You sock the gnoll!
You kill the gnoll!
You have reached level 4!
You feel clever.
You closely miss the kobold. You hit the kobold but do no damage.
You block the kobold's attack.
You hit the kobold.
The kobold is severely wounded.
The kobold hits you but does no damage.
You sock the kobold!
You kill the kobold!
You sock the gnoll!
The gnoll is severely wounded.
You block the gnoll's attack.
You closely miss the gnoll.
The gnoll is severely wounded.
The gnoll hits you with a +0 flail!
You die...

#.......########.>#..
##.#.................
#.##############..
##.# #.. #..# ###
PP.PP.#.# ...PP.#.#
P.P.. #g# P.... #♣#
#_## #.# .. #.# #.#
#.# #!# ..# ..#


You could see a gnoll.

Vanquished Creatures
  3 gnolls (D:2)
  3 bats (D:1)
  An endoplasm (D:2)
  4 giant cockroaches
  5 goblins
  A hobgoblin (D:1)
  2 jackals (D:1)
  A quokka (D:1)
  3 ball pythons (D:1)
  3 frilled lizards (D:1)
  5 kobolds
  5 rats (D:1)
36 creatures vanquished.

Vanquished Creatures (others)
  A fungus (D:2)
  2 plants (D:2)
3 creatures vanquished.

Grand Total: 39 creatures vanquished

Notes
Turn   | Place    | Note
-------+----------+-------------------------------------------
     0 | D:1      | vineage the Gargoyle Fighter began the quest for the Orb.
     0 | D:1      | Reached XP level 1. HP: 14/14 MP: 1/1
    22 | D:1      | Found Zakhligg's Armour Shoppe.
   170 | D:1      | Reached XP level 2. HP: 19/20 MP: 2/2
   255 | D:1      | Reached skill level 4 in Fighting
   802 | D:1      | Reached XP level 3. HP: 22/24 MP: 3/3
  1165 | D:2      | Reached skill level 5 in Fighting
  1192 | D:2      | Found a faded altar of an unknown god.
  1201 | D:2      | HP: 1/26 [gnoll (1)]
  1209 | D:2      | Reached XP level 4. HP: 4/31 MP: 4/4
  1214 | D:2      | Slain by a gnoll

Illustrated notes

Levels and vault maps discovered:
D:1:      dpeg_arrival_leaves_temple_mockup, layout_loops_ring, serial_glass,
          glass_columns_c, glass_columns_c, due_unseen_surprise, serial_shops,
          shop_coins
D:2:      layout_rooms, shapermc_ecumenical_altar_gd

Skill      XL: |  1  2  3 |
---------------+----------+-----
Fighting       | 4 5 |  5.3
Maces & Flails | |  2.0
Armour         | |  3.2
Shields        | |  3.2

Action                   |  1- 3 |  4- 6 || total
-------------------------+-------+-------++-------
Melee: Flail             |   113 |     6 ||   119
  Use: Potion            |     4 |       ||     4
Armor: Scale mail        |    68 |       ||    68
       Skin              |       |     1 ||     1
Dodge: Dodged            |    53 |       ||    53
Block: Buckler           |    23 |     2 ||    25

Table legend: (Time is in decaauts)
 A = Elapsed time spent in this place.
 B = Non-inter-level travel time spent in this place.
 C = Inter-level travel time spent in this place.
 D = Time resting spent in this place.
 E = Time spent auto-exploring this place.
 F = Levels seen in this place.
 G = Mean time per level.
                   A        B        C        D        E       F      G
               +--------+--------+--------+--------+--------+-----+--------+
         Total |   1247 |   1223 |     24 |      0 |    930 |   2 |  623.5 |
       Dungeon |   1247 |   1223 |     24 |      0 |    930 |   2 |  623.5 |
               +--------+--------+--------+--------+--------+-----+--------+

Top non-repeatable levels by time:
     D:1: 1015 daAuts
     D:2: 231 daAuts
